 Dungeon Crawl Stone Soup version 0.29-a0-323-g050149af67 (webtiles) character file.

Game seed: 9233324321961226524

242 GigaChad the Slasher (level 5, -3/47 HPs)
             Began as a Minotaur Chaos Knight on Apr 11, 2022.
             Was a Plaything of Xom.
             Slain by a hobgoblin
             ... wielding a +0 club
              (7 damage)
             ... on level 4 of the Dungeon.
             The game lasted 00:06:02 (2020 turns).

GigaChad the Slasher (Minotaur Chaos Knight)        Turns: 2020, Time: 00:06:03

Health: -3/47      AC:  5    Str: 17    XL:     5   Next: 82%
Magic:  4/4        EV: 12    Int:  9    God:    Xom [....*.]
Gold:   893        SH:  0    Dex: 11    Spells: 4/4 levels left

rFire   . . .      SeeInvis .   a - +0 falchion (protect)
rCold   . . .      Faith    .   (no shield)
rNeg    . . .      Spirit   .   b - +2 leather armour
rPois   .          Reflect  .   (helmet restricted)
rElec   .          Harm     .   (no cloak)
rCorr   .          Rampage  .   (no gloves)
Will    .....                   (no boots)
Stlth   +.........              (no amulet)
HPRegen 0.15/turn               (no ring)
MPRegen 0.09/turn               (no ring)

@: no status effects
A: horns 2, retaliatory headbutt
a: Renounce Religion


You were on level 4 of the Dungeon.
You worshipped Xom.
You were a beloved toy of Xom.
You visited 1 branch of the dungeon, and saw 4 of its levels.

You collected 893 gold pieces.

Inventory:

Hand Weapons
 a - a +0 falchion of protection (weapon)
Armour
 b - a +2 leather armour (worn)
Jewellery
 h - an amulet of magic regeneration
Scrolls
 e - 2 scrolls of immolation {unknown}
 l - a scroll of identify
Potions
 d - 2 potions of curing {unknown}
 f - a potion of flight {unknown}
 g - a potion of might {unknown}
 i - 2 potions of ambrosia
 j - 2 potions of cancellation {unknown}
 k - a potion of brilliance {unknown}
 m - a potion of invisibility {unknown}
 n - a potion of heal wounds {unknown}
Miscellaneous
 c - a piece from Xom's chessboard (14/15) (quivered)


   Skills:
 + Level 4.7 Fighting
 + Level 6.4 Long Blades
 + Level 3.1 Armour
 + Level 2.6 Dodging
 + Level 0.1 Stealth


You had 4 spell levels left.
You didn't know any spells.
Your spell library was empty.

Dungeon Overview and Level Annotations

Branches:
Dungeon (4/15)
 Temple: D:4-7

Altars:
Vehumet
Xom

Annotations:
D:3 Natasha


Innate Abilities, Weirdness & Mutations

You have a pair of horns on your head.
You reflexively headbutt those who attack you in melee.


Message History

The sling bullet hits you but does no damage.
The hobgoblin barely misses you.
The goblin unwields a +0 hunting sling.
The goblin hits you but does no damage.
The hobgoblin hits you but does no damage.
You see here a +0 club.
You hit the goblin.
The goblin is moderately wounded.
The goblin barely misses you. The hobgoblin barely misses you.
The goblin wields a +0 hunting sling.
The goblin shoots a sling bullet.
The sling bullet hits you but does no damage.
The hobgoblin barely misses you.
The goblin unwields a +0 hunting sling.
The goblin closely misses you.
The hobgoblin hits you but does no damage.
You see here a +0 club.
You hit the goblin.
The goblin is severely wounded.
The goblin hits you but does no damage. The hobgoblin barely misses you.
You furiously retaliate!
You headbutt the hobgoblin, but do no damage.
You completely miss the goblin.
The goblin is severely wounded.
The goblin is no longer paralysed.
The goblin barely misses you. You furiously retaliate!
You headbutt the goblin!
You kill the goblin!
The hobgoblin hits you but does no damage.
The goblin closely misses you. The hobgoblin barely misses you.
You furiously retaliate!
You headbutt the hobgoblin, but do no damage.
Things that are here:
a +0 hunting sling; a +0 hunting sling; a hobgoblin corpse The goblin hits you but does no damage.
The hobgoblin hits you but does no damage.
You see here a +0 club.
The goblin wields a +0 hunting sling.
The goblin shoots a sling bullet.
The sling bullet hits you.
* * * LOW HITPOINT WARNING * * *
The hobgoblin hits you with a +0 club.
* * * LOW HITPOINT WARNING * * *
The hobgoblin hits you with a +0 club!
You die...

#####..#...#.........
#........_.....##.##.
#.###..#...#...##.##. ## #.#
#.###.###..##.... ..
####.###..#...#...#####. .#
#....<...........[# #. .#
#.##.##.###..###... .. .######
#.##))).......##########
......####.##).g@...##..........#
)..............g.................
)........).......................
≈≈..≈≈≈..≈≈.≈≈≈≈≈......≈≈≈≈..≈≈≈.
≈≈≈≈≈≈≈≈≈≈≈≈≈≈≈≈≈....≈≈≈≈≈≈≈≈≈≈≈≈
≈≈≈≈≈≈≈≈≈≈≈≈≈≈≈≈≈....≈≈≈≈≈≈≈≈≈≈≈≈
≈≈≈≈≈≈≈≈≈≈≈≈≈≈≈≈≈....≈≈≈≈≈≈≈≈≈≈≈≈
##################''#############
...#


You could see a hobgoblin and a goblin.

Vanquished Creatures
  2 hounds (D:4)
  An orc priest (D:3)
  Natasha (D:3)
  3 gnolls (D:4)
  5 adders
  4 dart slugs
  An orc (D:3)
  2 endoplasms
  3 giant cockroaches
  5 goblins
  6 hobgoblins
  3 quokkas (D:4)
  3 ball pythons
  6 bats
  A frilled lizard (D:1)
  2 kobolds (D:1)
  4 rats
52 creatures vanquished.

Vanquished Creatures (collateral kills)
  An adder (D:3)
  A quokka (D:3)
  A goblin (D:1)
3 creatures vanquished.

Vanquished Creatures (others)
  5 toadstools (D:2)
5 creatures vanquished.

Grand Total: 60 creatures vanquished

Notes
Turn   | Place    | Note
-------+----------+-------------------------------------------
     0 | D:1      | GigaChad the Minotaur Chaos Knight began the quest for the
                  | Orb.
     0 | D:1      | Reached XP level 1. HP: 19/19 MP: 0/0
    14 | D:1      | XOM: divination: detect creatures
    36 | D:1      | XOM: potion effect (brilliance)
   259 | D:1      | XOM: summons 1 friendly demon
   263 | D:1      | Reached XP level 2. HP: 21/27 MP: 1/1
   291 | D:1      | XOM: god gift: 835 gold pieces
   533 | D:1      | Reached skill level 4 in Long Blades
   633 | D:1      | Found a faded altar of an unknown god.
   684 | D:1      | XOM: scenery: create altars
   909 | D:2      | Reached XP level 3. HP: 19/33 MP: 2/2
  1050 | D:2      | XOM: 3-stop teleportation journey
  1239 | D:2      | XOM: 8-stop teleportation journey
  1293 | D:3      | Noticed Natasha
  1294 | D:3      | Reached XP level 4. HP: 40/41 MP: 3/3
  1299 | D:3      | XOM: enchant monster (good)
  1338 | D:3      | Killed Natasha
  1339 | D:3      | Reached skill level 5 in Long Blades
  1359 | D:3      | XOM: confusion (+ monsters)
  1366 | D:3      | Noticed Natasha
  1380 | D:3      | HP: 2/41 [Natasha/magic dart (3)]
  1686 | D:4      | Found a radiant altar of Vehumet.
  1794 | D:4      | XOM: 6-stop teleportation journey
  1808 | D:4      | XOM: confuse monster(s)
  1817 | D:4      | Reached XP level 5. HP: 44/47 MP: 4/4
  1851 | D:4      | Reached skill level 6 in Long Blades
  1944 | D:4      | XOM: swap monsters
  1945 | D:4      | XOM: enchant monster (good)
  2020 | D:4      | Slain by a hobgoblin

Illustrated notes

Levels and vault maps discovered:
D:1:      scummos_arrival_hexagon, layout_loops_cross,
          shapermc_ecumenical_altar_acropolis
D:2:      cheibrodos_fertilizer, layout_basic
D:3:      layout_basic, uniq_natasha
D:4:      minmay_goblin_kobold_castle, layout_loops_cross, vehumet_crystals,
          uniq_menkaure, uniq_sigmund

Skill      XL: |  1  2  3  4  5 |
---------------+----------------+-----
Fighting       | 4 |  4.7
Long Blades    | 4 5 6 |  6.4
Armour         | 3 |  3.1
Dodging        | 2 |  2.6
Stealth        | |  0.1

Action                   |  1- 3 |  4- 6 || total
-------------------------+-------+-------++-------
Melee: Falchion          |    79 |    49 ||   128
       Punch             |     1 |       ||     1
       Headbutt          |     7 |     9 ||    16
Evoke: Piece from Xom's  |       |     1 ||     1
  Use: Scroll            |     3 |       ||     3
 Stab: Confused          |       |     1 ||     1
Armor: Leather armour    |    51 |    34 ||    85
Dodge: Dodged            |    61 |    79 ||   140

Table legend: (Time is in decaauts)
 A = Elapsed time spent in this place.
 B = Non-inter-level travel time spent in this place.
 C = Inter-level travel time spent in this place.
 D = Time resting spent in this place.
 E = Time spent auto-exploring this place.
 F = Levels seen in this place.
 G = Mean time per level.
                   A        B        C        D        E       F      G
               +--------+--------+--------+--------+--------+-----+--------+
         Total |   2051 |   2051 |      0 |    568 |    384 |   4 |  512.8 |
       Dungeon |   2051 |   2051 |      0 |    568 |    384 |   4 |  512.8 |
               +--------+--------+--------+--------+--------+-----+--------+

Top non-repeatable levels by time:
     D:1: 821 daAuts
     D:4: 644 daAuts
     D:2: 457 daAuts
     D:3: 127 daAuts
